TOP OF THE 1ST |
Cape Cod Clams batting - Pitching for Waba Ducks : RHP Miguel Guerrero
|
Pitching: RHP Miguel Guerrero
|
|
Batting: RHB Manny Ramírez
|
0-0: Ball 1-0: Foul Ball, location: 2F 1-1: Foul Ball, location: 2F 1-2: Ball 2-2: Ground out 6-3 (Groundball, 6)
|
Batting: RHB Yasuhiro Kobayashi
|
0-0: Ball 1-0: Swinging Strike 1-1: Ball 2-1: Foul Ball, location: 2F 2-2: Ball 3-2: Ground out 6-3 (Groundball, 56)
|
Batting: RHB Ramón Morales
|
0-0: Called Strike 0-1: Called Strike 0-2: Ball 1-2: Hit by Pitch
|
Batting: RHB António Magana
|
0-0: Fly out, F7 (Flyball, 78M)
|
Top of the 1st over - 0 run(s), 0 hit(s), 0 error(s), 1 left on base; Cape Cod 0 - Waba 0 |
BOTTOM OF THE 1ST |
Waba Ducks batting - Pitching for Cape Cod Clams : RHP Alberto Parra
|
Pitching: RHP Alberto Parra
|
|
Batting: RHB Don Keating
|
0-0: Ball 1-0: Ball 2-0: Foul Ball, location: 2F 2-1: Ball 3-1: Base on Balls
|
Batting: RHB Tokuhei Kobayashi
|
0-0: Swinging Strike 0-1: Ball 1-1: Ball 2-1: Reached on error, E6 (Groundball, 56) Don Keating to second
|
Batting: LHB José Román
|
0-0: Ball Wild Pitch! Don Keating to third Tokuhei Kobayashi to second 1-0: Foul Ball, location: 2F 1-1: Fly out, F6 (Popup, 6)
|
Batting: RHB Chris Osborn
|
0-0: Ball 1-0: Fly out, F8 (Flyball, 8RD) Runner from 3rd tags up, SCORES, no throw Tokuhei Kobayashi to third
|
Batting: RHB Ed Small
|
0-0: Ball 1-0: Called Strike 1-1: Fly out, F6 (Line Drive, 6M)
|
Bottom of the 1st over - 1 run(s), 0 hit(s), 1 error(s), 1 left on base; Cape Cod 0 - Waba 1 |
TOP OF THE 2ND |
Cape Cod Clams batting - Pitching for Waba Ducks : RHP Miguel Guerrero
|
Batting: RHB Marcos Castillo
|
0-0: Swinging Strike 0-1: Called Strike 0-2: Ball 1-2: Foul Ball, location: 2F 1-2: Ball 2-2: Ball 3-2: Foul Ball, location: 2F 3-2: Base on Balls
|
Batting: RHB Juan Marín
|
0-0: Ball 1-0: Grounds into double play, 6-4-3 (Groundball, 6)
|
Batting: RHB Vern Carlton
|
0-0: Swinging Strike 0-1: Foul Ball, location: 2F 0-2: Foul Ball, location: 2F 0-2: SINGLE (Groundball, 4D)
|
Batting: SHB Ed Dale
|
0-0: Called Strike 0-1: Ball 1-1: Swinging Strike 1-2: Foul Ball, location: 2F 1-2: Fly out, F8 (Flyball, 78D)
|
Top of the 2nd over - 0 run(s), 1 hit(s), 0 error(s), 1 left on base; Cape Cod 0 - Waba 1 |
BOTTOM OF THE 2ND |
Waba Ducks batting - Pitching for Cape Cod Clams : RHP Alberto Parra
|
Batting: RHB Jeremy Flemming
|
0-0: Foul Ball, location: 2F 0-1: Swinging Strike 0-2: Ball 1-2: Ball 2-2: Fly out, F9 (Flyball, 9S)
|
Batting: RHB Ángelo García
|
0-0: Foul Ball, location: 2F 0-1: Bunted foul 0-2: Ground out 4-3 (Groundball, 4)
|
Batting: RHB Roberto Pagán
|
0-0: Called Strike 0-1: Ball 1-1: Ball 2-1: Swinging Strike 2-2: Foul Ball, location: 2F 2-2: Ball 3-2: Foul Ball, location: 2F 3-2: Fly out, F9 (Flyball, 9S)
|
Bottom of the 2nd over - 0 run(s), 0 hit(s), 0 error(s), 0 left on base; Cape Cod 0 - Waba 1 |
TOP OF THE 3RD |
Cape Cod Clams batting - Pitching for Waba Ducks : RHP Miguel Guerrero
|
Batting: RHB Danny Crouch
|
0-0: Ball 1-0: Ball 2-0: Called Strike 2-1: Swinging Strike 2-2: Foul Ball, location: 2F 2-2: Strikes out swinging
|
Batting: RHB Manny Ramírez
|
0-0: Called Strike 0-1: Ground out 5-3 (Groundball, 5L)
|
Batting: RHB Yasuhiro Kobayashi
|
0-0: Ball 1-0: Ball 2-0: Foul Ball, location: 2F 2-1: Ground out 4-3 (Groundball, 4S)
|
Top of the 3rd over - 0 run(s), 0 hit(s), 0 error(s), 0 left on base; Cape Cod 0 - Waba 1 |
BOTTOM OF THE 3RD |
Waba Ducks batting - Pitching for Cape Cod Clams : RHP Alberto Parra
|
Batting: SHB Ed Hunter
|
0-0: Called Strike 0-1: SINGLE (Groundball, 4MD)
|
Batting: RHB Don Keating
|
0-0: Ball 1-0: Ball 2-0: SINGLE (Groundball, 6MD) Ed Hunter to second
|
Batting: RHB Tokuhei Kobayashi
|
0-0: Foul Ball, location: 2F 0-1: Foul Ball, location: 2F 0-2: Ball 1-2: Foul Ball, location: 2F 1-2: Fly out, F7 (Flyball, 7LS)
|
Batting: LHB José Román
|
0-0: Fielders Choice at 2nd, 3-6 (Groundball, 3) Ed Hunter to third
|
Batting: RHB Chris Osborn
|
0-0: Ball 1-0: Called Strike 1-1: Foul Ball, location: 2F 1-2: Fielders Choice at 2nd, 6-4 (Groundball, 6)
|
Bottom of the 3rd over - 0 run(s), 2 hit(s), 0 error(s), 1 left on base; Cape Cod 0 - Waba 1 |
TOP OF THE 4TH |
Cape Cod Clams batting - Pitching for Waba Ducks : RHP Miguel Guerrero
|
Batting: RHB Ramón Morales
|
0-0: Ball 1-0: DOUBLE (Line Drive, 7D)
|
Batting: RHB António Magana
|
0-0: Ball 1-0: Called Strike 1-1: Ball 2-1: Ball 3-1: Base on Balls
|
Batting: RHB Marcos Castillo
|
0-0: Called Strike 0-1: Foul Ball, location: 2F 0-2: Strikes out swinging
|
Batting: RHB Juan Marín
|
0-0: Ball 1-0: Ball 2-0: Called Strike 2-1: Ball 3-1: Called Strike 3-2: Strikes out looking
|
Batting: RHB Vern Carlton
|
0-0: Swinging Strike 0-1: Swinging Strike 0-2: Ball 1-2: Foul Ball, location: 2F 1-2: Strikes out swinging
|
Top of the 4th over - 0 run(s), 1 hit(s), 0 error(s), 2 left on base; Cape Cod 0 - Waba 1 |
BOTTOM OF THE 4TH |
Waba Ducks batting - Pitching for Cape Cod Clams : RHP Alberto Parra
|
Batting: RHB Ed Small
|
0-0: Ball 1-0: Fly out, F7 (Flyball, 7S)
|
Batting: RHB Jeremy Flemming
|
0-0: Ball 1-0: Called Strike 1-1: Foul Ball, location: 2F 1-2: Foul Ball, location: 2F 1-2: Strikes out swinging, 2-3 out at first.
|
Batting: RHB Ángelo García
|
0-0: SINGLE (Line Drive, 7LS)
|
Batting: RHB Roberto Pagán
|
0-0: Called Strike 0-1: 2-RUN HOME RUN (Flyball, 78XD), Distance : 375 ft
|
Batting: SHB Ed Hunter
|
0-0: Called Strike 0-1: Ball 1-1: Foul Ball, location: 2F 1-2: Ball 2-2: Fly out, F8 (Flyball, 8RM)
|
Bottom of the 4th over - 2 run(s), 2 hit(s), 0 error(s), 0 left on base; Cape Cod 0 - Waba 3 |
TOP OF THE 5TH |
Cape Cod Clams batting - Pitching for Waba Ducks : RHP Miguel Guerrero
|
Batting: SHB Ed Dale
|
0-0: SINGLE (Groundball, 56D)
|
Batting: RHB Danny Crouch
|
0-0: Ball 1-0: Ball 2-0: Ball 3-0: Called Strike 3-1: Fly out, F9 (Flyball, 9S)
|
Batting: RHB Manny Ramírez
|
0-0: Ball 1-0: Ball 2-0: Grounds into double play, 6-4-3 (Groundball, 6)
|
Top of the 5th over - 0 run(s), 1 hit(s), 0 error(s), 0 left on base; Cape Cod 0 - Waba 3 |
BOTTOM OF THE 5TH |
Waba Ducks batting - Pitching for Cape Cod Clams : RHP Alberto Parra
|
Batting: RHB Don Keating
|
0-0: Reached on error, E4 (Groundball, 4)
|
Batting: RHB Tokuhei Kobayashi
|
0-0: Swinging Strike 0-1: Ball 1-1: Swinging Strike 1-2: Ball 2-2: Strikes out swinging
|
Batting: LHB José Román
|
0-0: Ball 1-0: Ground out 4-3 (Groundball, 4) Don Keating to third
|
Batting: RHB Chris Osborn
|
0-0: Foul Ball, location: 2F 0-1: Called Strike 0-2: Ball 1-2: Fly out, F8 (Flyball, 89M)
|
Bottom of the 5th over - 0 run(s), 0 hit(s), 1 error(s), 1 left on base; Cape Cod 0 - Waba 3 |
TOP OF THE 6TH |
Cape Cod Clams batting - Pitching for Waba Ducks : RHP Miguel Guerrero
|
Batting: RHB Yasuhiro Kobayashi
|
0-0: Called Strike 0-1: Ball 1-1: Ball 2-1: Called Strike 2-2: Ground out U3 (Groundball, 34)
|
Batting: RHB Ramón Morales
|
0-0: Ball 1-0: Ball 2-0: SINGLE (Line Drive, 34D)
|
Batting: RHB António Magana
|
0-0: Called Strike 0-1: Swinging Strike 0-2: DOUBLE (Line Drive, 9LD) Ramón Morales to third
|
Batting: RHB Marcos Castillo
|
0-0: Swinging Strike 0-1: Swinging Strike 0-2: Fly out, F7 (Line Drive, 7) Runner from 3rd tags up, SCORES, throw made
|
Pitching: RHP José Rivera
|
|
Batting: RHB Juan Marín
|
0-0: Ball 1-0: Foul Ball, location: 2F 1-1: Called Strike 1-2: Strikes out looking
|
Top of the 6th over - 1 run(s), 2 hit(s), 0 error(s), 1 left on base; Cape Cod 1 - Waba 3 |
BOTTOM OF THE 6TH |
Waba Ducks batting - Pitching for Cape Cod Clams : RHP Alberto Parra
|
Batting: RHB Ed Small
|
0-0: Ball 1-0: Called Strike 1-1: Foul Ball, location: 2F 1-2: Ball 2-2: Strikes out swinging
|
Batting: RHB Jeremy Flemming
|
0-0: Ball 1-0: Ball 2-0: Ball 3-0: Called Strike 3-1: Swinging Strike 3-2: TRIPLE (Flyball, 8LD)
|
Batting: RHB Ángelo García
|
0-0: Called Strike 0-1: Called Strike 0-2: Fly out, F9 (Line Drive, 89M) Runner from 3rd tags up, SCORES, no throw
|
Batting: RHB Roberto Pagán
|
0-0: Called Strike 0-1: Foul Ball, location: 2F 0-2: Foul Ball, location: 2F 0-2: Strikes out looking
|
Bottom of the 6th over - 1 run(s), 1 hit(s), 0 error(s), 0 left on base; Cape Cod 1 - Waba 4 |
TOP OF THE 7TH |
Cape Cod Clams batting - Pitching for Waba Ducks : RHP José Rivera
|
Batting: RHB Vern Carlton
|
0-0: Ball 1-0: Ball 2-0: Swinging Strike 2-1: Called Strike 2-2: Ball 3-2: Ground out 6-3 (Groundball, 6MD)
|
Batting: SHB Ed Dale
|
0-0: Called Strike 0-1: Foul Ball, location: 2F 0-2: Foul Ball, location: 2F 0-2: Ball 1-2: Foul Ball, location: 2F 1-2: Ball 2-2: Strikes out looking
|
Batting: RHB Danny Crouch
|
0-0: Ball 1-0: SINGLE (Groundball, 34D)
|
Pitching: RHP Yodo Nishikawa
|
|
Batting: RHB Manny Ramírez
|
0-0: Foul Ball, location: 2F 0-1: Ball 1-1: Ball 2-1: Ball 3-1: Base on Balls Danny Crouch to second
|
Batting: RHB Yasuhiro Kobayashi
|
0-0: Ball 1-0: Swinging Strike 1-1: Ball 2-1: Foul Ball, location: 2F 2-2: SINGLE (Groundball, 34D) Danny Crouch to third Manny Ramírez to second Runner from 3rd tries for Home, SAFE, throw made home
|
Pinch Hitting: SHB Rob Grun
|
0-0: Ball 1-0: Foul Ball, location: 2F 1-1: Called Strike 1-2: SINGLE (Flyball, 8LS) Manny Ramírez to third Yasuhiro Kobayashi to second Runner from 3rd tries for Home, throw and OUT!
|
Top of the 7th over - 1 run(s), 3 hit(s), 0 error(s), 2 left on base; Cape Cod 2 - Waba 4 |
BOTTOM OF THE 7TH |
Waba Ducks batting - Pitching for Cape Cod Clams : RHP Alberto Parra
|
Pitching: RHP Patrick Doyle
|
|
Now in RF: Rob Grun
|
|
Batting: SHB Ed Hunter
|
0-0: Ball 1-0: Ball 2-0: Called Strike 2-1: Swinging Strike 2-2: Ground out 4-3 (Groundball, 4)
|
Batting: RHB Don Keating
|
0-0: Fly out, F7 (Flyball, 78M)
|
Batting: RHB Tokuhei Kobayashi
|
0-0: Ball 1-0: Ground out 6-3 (Groundball, 6)
|
Bottom of the 7th over - 0 run(s), 0 hit(s), 0 error(s), 0 left on base; Cape Cod 2 - Waba 4 |
TOP OF THE 8TH |
Cape Cod Clams batting - Pitching for Waba Ducks : RHP Yodo Nishikawa
|
Batting: RHB António Magana
|
0-0: Ball 1-0: SINGLE (Line Drive, 4MD)
|
Pitching: RHP Felipe Reyes
|
|
Batting: RHB Marcos Castillo
|
0-0: Ball 1-0: Ball Pickoff Throw to First - Out! 2-0: Ball 3-0: Called Strike 3-1: Base on Balls
|
Batting: RHB Juan Marín
|
0-0: Called Strike 0-1: Ball 1-1: Grounds into double play, 1-4-3 (Groundball, 15S)
|
Top of the 8th over - 0 run(s), 1 hit(s), 0 error(s), 0 left on base; Cape Cod 2 - Waba 4 |
BOTTOM OF THE 8TH |
Waba Ducks batting - Pitching for Cape Cod Clams : RHP Patrick Doyle
|
Batting: LHB José Román
|
0-0: Ball 1-0: Called Strike 1-1: Foul Ball, location: 2F 1-2: SINGLE (Groundball, 56D)
|
Batting: RHB Chris Osborn
|
0-0: Ball 1-0: SINGLE (Groundball, 56D) José Román to second
|
Batting: RHB Ed Small
|
0-0: Called Strike 0-1: Foul Ball, location: 2F 0-2: Ball 1-2: Ball 2-2: Ball 3-2: Base on Balls José Román to third Chris Osborn to second
|
Batting: RHB Jeremy Flemming
|
0-0: Fly out, F7 (Flyball, 7) Runner from 3rd tags up, SCORES, throw made
|
Batting: RHB Ángelo García
|
0-0: Ball 1-0: Ball 2-0: Foul Ball, location: 2F 2-1: Grounds into double play, 5-4-3 (Groundball, 56)
|
Bottom of the 8th over - 1 run(s), 2 hit(s), 0 error(s), 1 left on base; Cape Cod 2 - Waba 5 |
TOP OF THE 9TH |
Cape Cod Clams batting - Pitching for Waba Ducks : RHP Felipe Reyes
|
Pitching: RHP Bartolo Romo
|
|
Batting: RHB Vern Carlton
|
0-0: Ball 1-0: Ball 2-0: Ball 3-0: Called Strike 3-1: DOUBLE (Line Drive, 9LM)
|
Batting: SHB Ed Dale
|
0-0: Ball 1-0: Ball 2-0: Ball 3-0: Called Strike 3-1: Base on Balls
|
Batting: RHB Danny Crouch
|
0-0: Ball 1-0: Called Strike 1-1: Called Strike 1-2: Foul Ball, location: 2F 1-2: Ball 2-2: Grounds into double play, 4-6-3 (Groundball, 4) Vern Carlton to third
|
Batting: RHB Manny Ramírez
|
0-0: Ball 1-0: Swinging Strike 1-1: Fly out, F7 (Flyball, 7S)
|
Top of the 9th over - 0 run(s), 1 hit(s), 0 error(s), 1 left on base; Cape Cod 2 - Waba 5 |
|